Islanders vs Stars
Created - March 16, 2025 at 22:46
Goals
|
| Islanders |
0 |
1 |
0 |
1 |
| Stars |
2 |
1 |
0 |
3 |
|
Shots
|
| Islanders |
8 |
8 |
9 |
25 |
| Stars |
11 |
17 |
7 |
35 |
|
1st period
1. Stars , Sidney Crosby 27 (Jake Guentzel 45) at 8:44
2. Stars , Evgeny Kuznetsov 12 (Cam Atkinson 15, Tobias Rieder 6) at 17:50
Penalties :
Michael Latta (NyI) for High sticking (Minor) at 10:48, Cam Atkinson (Dal) for Close Hand On Puck (Minor) at 19:18
2nd period
3. Islanders , Brock McGinn 24 (Brady Skjei 36, Brayden Schenn 43) at 14:15
4. Stars , Andrej Sustr 5 (Alex Chiasson 21, Evgeny Grachev 23) at 15:17 (PP)
Penalties :
Garnet Hathaway (NyI) for Tripping (Minor) at 2:35, Ryan Ellis (NyI) for Holding Stick (Minor) at 15:07, Michael Grabner (Dal) for Boarding (Minor) at 16:17
3rd period
No Goal
Penalties :
Garnet Hathaway (NyI) for Hooking (Minor) at 9:54, Brian Ferlin (NyI) for Holding (Minor) at 17:36
Goalie Stats
John Gibson (NyI), 32 saves from 35 shots - (0.914), L, 21-17-5, 60:00 minutes
Matt Murray (Dal), 24 saves from 25 shots - (0.960), W, 15-23-4, 60:00 minutes
Players Stats for Islanders
Player Name G A P +/- PIM S H SB GA TA FO MP PP MP PK MP
------------------------------------------------------------------------------------
Brady Skjei 0 1 1 0 0 2 1 2 3 1 0/0 28:59 2:41 5:04
Brandon Sutter 0 0 0 -1 0 1 1 0 0 0 7/11 17:49 1:56 3:29
Brayden Schenn 0 1 1 1 0 4 3 0 0 1 20/44 21:30 2:02 4:40
Brian Ferlin 0 0 0 -1 2 1 1 1 0 0 0/0 10:00 0:00 0:00
Brock McGinn 1 0 1 1 0 1 0 0 0 0 0/0 22:07 1:59 5:03
Dylan McIlrath 0 0 0 -1 0 2 1 2 0 0 0/0 10:58 0:00 0:00
Emerson Etem 0 0 0 0 0 1 2 2 0 0 0/0 12:17 0:00 1:01
Gabriel Carlsson 0 0 0 -1 0 0 2 0 0 1 0/0 10:58 0:00 0:00
Garnet Hathaway 0 0 0 -1 4 1 3 0 0 0 0/0 14:00 1:56 0:00
Jamie Arniel 0 0 0 -1 0 0 2 0 0 0 1/3 9:50 0:00 0:13
Jason Akeson 0 0 0 0 0 1 2 0 0 0 0/0 11:07 0:00 0:00
Kellan Lain 0 0 0 -1 0 2 1 0 1 0 0/0 15:40 1:56 1:46
Michael Latta 0 0 0 0 2 2 1 0 0 1 2/4 11:10 0:03 0:00
Nikita Zadorov 0 0 0 0 0 0 2 0 1 2 0/0 20:03 1:17 3:02
Ryan Ellis 0 0 0 0 2 2 1 2 0 1 0/0 28:48 2:41 4:54
Sergei Plotnikov 0 0 0 -1 0 1 1 0 0 0 0/0 9:37 0:00 0:00
Vladimir Tarasenko 0 0 0 1 0 4 1 0 2 0 0/1 16:43 2:02 0:00
Yann Sauvé 0 0 0 0 0 0 0 0 0 3 0/0 20:13 1:17 3:12
Players Stats for Stars
Player Name G A P +/- PIM S H SB GA TA FO MP PP MP PK MP
------------------------------------------------------------------------------------
Adam Tambellini 0 0 0 0 0 0 0 0 1 0 0/0 7:33 0:00 0:17
Alex Chiasson 0 1 1 0 0 2 2 0 0 0 2/2 16:46 4:42 0:32
Andrej Sustr 1 0 1 0 0 4 2 1 1 2 0/0 27:31 5:19 2:21
Anton Cederholm 0 0 0 1 0 1 0 0 0 0 0/0 13:19 0:00 0:00
Ben Chiarot 0 0 0 0 0 1 3 0 0 0 0/0 19:10 2:47 1:37
Cam Atkinson 0 1 1 1 2 3 2 0 0 0 0/0 13:15 0:00 0:00
Christopher Tanev 0 0 0 1 0 2 0 0 0 0 0/0 13:19 0:00 0:00
Evgeny Grachev 0 1 1 0 0 4 2 0 2 0 6/13 18:05 4:42 1:13
Evgeny Kuznetsov 1 0 1 1 0 1 1 1 0 0 3/5 12:39 0:00 0:00
Guillaume Latendresse 0 0 0 0 0 2 0 0 0 0 1/1 17:48 4:42 0:57
Henrik Borgstrom 0 0 0 0 0 0 0 1 0 0 2/3 7:15 0:00 0:00
Jake Guentzel 0 1 1 0 0 3 1 0 0 1 0/1 21:44 3:24 2:28
Michael Grabner 0 0 0 0 2 2 1 1 1 2 1/1 19:16 3:24 0:00
Paul Ladue 0 0 0 0 0 2 0 0 1 0 0/0 27:31 5:19 2:21
Scott Kosmachuck 0 0 0 0 0 2 2 0 2 0 0/1 7:15 0:00 0:00
Sidney Crosby 1 0 1 0 0 6 2 0 2 1 17/35 21:45 3:24 2:29
Tobias Rieder 0 1 1 1 0 0 2 0 0 1 1/1 12:39 0:00 0:00
Tyler Wotherspoon 0 0 0 0 0 0 1 1 0 0 0/0 19:10 2:47 1:37
3 Stars
1 - Matt Murray (Dal)
2 - Evgeny Kuznetsov (Dal)
3 - Andrej Sustr (Dal)
Power Play
Islanders - 0 on 2 Attempt(s) - 0.00%
Stars - 1 on 5 Attempt(s) - 20.00%
Penalty Kill
Islanders - 4 on 5 Attempt(s) - 80.00%
- Score 0 goal in Penalty Kill
Stars - 2 on 2 Attempt(s) - 100.00%
- Score 0 goal in Penalty Kill
Team Stat
Islanders - Hits : 25 - Faceoff Wins : 30 - Blocked Shots : 9 - Penalty Minutes : 10
Stars - Hits : 21 - Faceoff Wins : 33 - Blocked Shots : 5 - Penalty Minutes : 4
Official
Referees : Garrett Rank and Frederick L'Ecuyer
Linesman : Ryan Daisy and Shandor Alphonso
Game Notes
No Game Note
Finance
Level 1 -- Attendance: 6000 (100.00%) -- Ticket Income $600,000
Level 2 -- Attendance: 4712 (94.24%) -- Ticket Income $329,840
Level 3 -- Attendance: 2000 (100.00%) -- Ticket Income $80,000
Level 4 -- Attendance: 3653 (91.33%) -- Ticket Income $109,590
Luxury Box -- Attendance: 951 (95.10%) -- Ticket Income $190,200
Game was played at the American Airlines Center.
Total Attendance: 17316 (96.20%)
Total Ticket Income: $1,309,630
Other Income: $196,444
Total Income: $1,506,074
Islanders
5 vs 5 Forward
Center Left Wing Right Wing Time % Phy DF OF
1 Brayden Schenn Brock McGinn Vladimir Tarasenko 40 1 2 2
2 Brandon Sutter Kellan Lain Garnet Hathaway 30 1 2 2
3 Michael Latta Emerson Etem Jason Akeson 20 1 2 2
4 Jamie Arniel Sergei Plotnikov Brian Ferlin 10 1 2 2
5 vs 5 Defense
Defense Defense Time % Phy DF OF
1 Brady Skjei Ryan Ellis 40 1 2 2
2 Nikita Zadorov Yann Sauvé 30 1 2 2
3 Dylan McIlrath Gabriel Carlsson 20 1 2 2
4 Brady Skjei Ryan Ellis 10 1 2 2
PowerPlay Forward
Center Left Wing Right Wing Time % Phy DF OF
1 Brayden Schenn Brock McGinn Vladimir Tarasenko 60 1 2 2
2 Brandon Sutter Kellan Lain Garnet Hathaway 40 1 2 2
PowerPlay Defense
Defense Defense Time % Phy DF OF
1 Brady Skjei Ryan Ellis 60 1 2 2
2 Nikita Zadorov Yann Sauvé 40 1 2 2
Penalty Kill 4 Players Forward
Center Wing Time % Phy DF OF
1 Brayden Schenn Brock McGinn 60 1 2 2
2 Brandon Sutter Kellan Lain 40 1 2 2
Penalty Kill 4 Players Defense
Defense Defense Time % Phy DF OF
1 Brady Skjei Ryan Ellis 60 1 2 2
2 Nikita Zadorov Yann Sauvé 40 1 2 2
Penalty Kill - 3 Players Forward
Forward Time % Phy DF OF
1 Brayden Schenn 60 1 2 2
2 Brandon Sutter 40 1 2 2
Penalty Kill - 3 Players Defense
Defense Defense Time % Phy DF OF
1 Brady Skjei Ryan Ellis 60 1 2 2
2 Nikita Zadorov Yann Sauvé 40 1 2 2
4 vs 4 Forward
Center Wing Time % Phy DF OF
1 Brayden Schenn Brock McGinn 60 1 2 2
2 Brandon Sutter Kellan Lain 40 1 2 2
4 vs 4 Defense
Defense Defense Time % Phy DF OF
1 Brady Skjei Ryan Ellis 60 1 2 2
2 Nikita Zadorov Yann Sauvé 40 1 2 2
Last Minutes Offensive
Center Left Wing Right Wing Defense Defense
Brayden Schenn Brock McGinn Vladimir Tarasenko Brady Skjei Ryan Ellis
Last Minutes Defensive
Center Left Wing Right Wing Defense Defense
Brayden Schenn Brock McGinn Vladimir Tarasenko Brady Skjei Ryan Ellis
Goaltenders
Starting : John Gibson
Backup : Maxime Daigneault
Extra Forwards
Normal : Brandon Sutter, Michael Latta, Garnet Hathaway - PP : Brandon Sutter, Michael Latta - PK : Brandon Sutter
Extra Defensemen
Normal : Yann Sauvé, Dylan McIlrath, Gabriel Carlsson - PP : Yann Sauvé - PK : Yann Sauvé, Dylan McIlrath
Penalty Shots
Vladimir Tarasenko, Brayden Schenn, Brock McGinn, Kellan Lain, Brandon Sutter
Custom OT Lines Forwards
Vladimir Tarasenko, Brayden Schenn, Brock McGinn, Kellan Lain, Brandon Sutter, Michael Latta, Garnet Hathaway, Jason Akeson, Emerson Etem, Jamie Arniel
Custom OT Lines Defensemen
Brady Skjei, Ryan Ellis, Nikita Zadorov, Yann Sauvé, Dylan McIlrath
Scratches
Jordan Greenway (Healthy), Pavel Kraskovsky (Healthy)
Stars
5 vs 5 Forward
Center Left Wing Right Wing Time % Phy DF OF
1 Sidney Crosby Jake Guentzel Michael Grabner 40 1 2 2
2 Evgeny Grachev Guillaume Latendresse Alex Chiasson 30 1 2 2
3 Evgeny Kuznetsov Tobias Rieder Cam Atkinson 20 1 2 2
4 Henrik Borgstrom Adam Tambellini Scott Kosmachuck 10 1 2 2
5 vs 5 Defense
Defense Defense Time % Phy DF OF
1 Andrej Sustr Paul Ladue 40 1 2 2
2 Ben Chiarot Tyler Wotherspoon 30 1 2 2
3 Christopher Tanev Anton Cederholm 20 1 2 2
4 Andrej Sustr Paul Ladue 10 1 2 2
PowerPlay Forward
Center Left Wing Right Wing Time % Phy DF OF
1 Sidney Crosby Jake Guentzel Michael Grabner 60 0 2 3
2 Evgeny Grachev Guillaume Latendresse Alex Chiasson 40 0 2 3
PowerPlay Defense
Defense Defense Time % Phy DF OF
1 Andrej Sustr Paul Ladue 60 1 2 2
2 Ben Chiarot Tyler Wotherspoon 40 1 2 2
Penalty Kill 4 Players Forward
Center Wing Time % Phy DF OF
1 Sidney Crosby Jake Guentzel 60 1 2 2
2 Evgeny Grachev Guillaume Latendresse 40 1 2 2
Penalty Kill 4 Players Defense
Defense Defense Time % Phy DF OF
1 Andrej Sustr Paul Ladue 60 0 3 2
2 Ben Chiarot Tyler Wotherspoon 40 0 3 2
Penalty Kill - 3 Players Forward
Forward Time % Phy DF OF
1 Sidney Crosby 60 1 2 2
2 Evgeny Grachev 40 1 2 2
Penalty Kill - 3 Players Defense
Defense Defense Time % Phy DF OF
1 Andrej Sustr Paul Ladue 60 0 3 2
2 Ben Chiarot Tyler Wotherspoon 40 0 3 2
4 vs 4 Forward
Center Wing Time % Phy DF OF
1 Sidney Crosby Jake Guentzel 60 0 2 3
2 Evgeny Grachev Guillaume Latendresse 40 0 2 3
4 vs 4 Defense
Defense Defense Time % Phy DF OF
1 Andrej Sustr Paul Ladue 60 1 2 2
2 Ben Chiarot Tyler Wotherspoon 40 1 2 2
Last Minutes Offensive
Center Left Wing Right Wing Defense Defense
Sidney Crosby Jake Guentzel Michael Grabner Andrej Sustr Paul Ladue
Last Minutes Defensive
Center Left Wing Right Wing Defense Defense
Sidney Crosby Jake Guentzel Michael Grabner Andrej Sustr Paul Ladue
Goaltenders
Starting : Matt Murray
Backup : Michael Houser
Extra Forwards
Normal : Alex Chiasson, Tobias Rieder, Evgeny Grachev - PP : Alex Chiasson, Tobias Rieder - PK : Alex Chiasson
Extra Defensemen
Normal : Tyler Wotherspoon, Christopher Tanev, Anton Cederholm - PP : Tyler Wotherspoon - PK : Tyler Wotherspoon, Christopher Tanev
Penalty Shots
Sidney Crosby, Jake Guentzel, Michael Grabner, Guillaume Latendresse, Alex Chiasson
Custom OT Lines Forwards
Sidney Crosby, Jake Guentzel, Michael Grabner, Guillaume Latendresse, Alex Chiasson, Tobias Rieder, Evgeny Grachev, Cam Atkinson, Scott Kosmachuck, Evgeny Kuznetsov
Custom OT Lines Defensemen
Andrej Sustr, Paul Ladue, Ben Chiarot, Tyler Wotherspoon, Christopher Tanev
Scratches
Wiley Sherman (Healthy)
% Time on Ice - Islanders
Lines # - Real PCT - Wanted PCT - Time Play
Normal Forward
1 - 32% - 40% - 15:14
2 - 25% - 30% - 11:58
3 - 23% - 20% - 11:07
4 - 20% - 10% - 9:37
Normal Defense
1 - 38% - 40% - 18:25
2 - 33% - 30% - 15:44
3 - 23% - 20% - 10:58
4 - 6% - 10% - 2:49
PP Forward
1 - 51% - 60% - 2:02
2 - 49% - 40% - 1:56
PP Defense
1 - 68% - 60% - 2:41
2 - 32% - 40% - 1:17
PK Forward
1 - 78% - 60% - 6:20
2 - 22% - 40% - 1:46
PK Defense
1 - 63% - 60% - 5:04
2 - 37% - 40% - 3:02
PK3 Forward
1 - 0% - 60%
2 - 0% - 40%
PK3 Defense
1 - 0% - 60%
2 - 0% - 40%
44 Forward
1 - 0% - 60%
2 - 0% - 40%
44 Defense
1 - 0% - 60%
2 - 0% - 40%
Last Minute Offensive - 0:00
Last Minute Defensive - 0:00
Total
Forward - 60:00
Defense - 60:00
|
% Time on Ice - Stars
Lines # - Real PCT - Wanted PCT - Time Play
Normal Forward
1 - 33% - 40% - 15:53
2 - 25% - 30% - 12:09
3 - 26% - 20% - 12:39
4 - 15% - 10% - 7:15
Normal Defense
1 - 37% - 40% - 17:45
2 - 31% - 30% - 14:46
3 - 28% - 20% - 13:19
4 - 4% - 10% - 2:06
PP Forward
1 - 42% - 60% - 3:24
2 - 58% - 40% - 4:42
PP Defense
1 - 66% - 60% - 5:19
2 - 34% - 40% - 2:47
PK Forward
1 - 76% - 60% - 3:01
2 - 24% - 40% - 0:57
PK Defense
1 - 59% - 60% - 2:21
2 - 41% - 40% - 1:37
PK3 Forward
1 - 0% - 60%
2 - 0% - 40%
PK3 Defense
1 - 0% - 60%
2 - 0% - 40%
44 Forward
1 - 0% - 60%
2 - 0% - 40%
44 Defense
1 - 0% - 60%
2 - 0% - 40%
Last Minute Offensive - 0:00
Last Minute Defensive - 0:00
Total
Forward - 60:00
Defense - 60:00
|
Play-by-Play
1st period
0:01 of 1st period - Brayden Schenn wins face-off versus Sidney Crosby in neutral zone.
0:04 of 1st period - Snap shot by Brayden Schenn.
0:04 of 1st period - Stopped by Matt Murray with a rebound.
0:40 of 1st period - Wrist shot by Evgeny Grachev.
0:40 of 1st period - Stopped by John Gibson without a rebound.
0:41 of 1st period - Michael Latta wins face-off versus Evgeny Kuznetsov in Islanders zone.
0:45 of 1st period - Icing by Emerson Etem.
0:46 of 1st period - Evgeny Kuznetsov wins face-off versus Michael Latta in Islanders zone.
1:45 of 1st period - Off-side.
1:46 of 1st period - Brayden Schenn wins face-off versus Evgeny Grachev in neutral zone.
1:51 of 1st period - Wrist shot by Vladimir Tarasenko.
1:51 of 1st period - Stopped by Matt Murray with a rebound.
1:53 of 1st period - Wrist shot by Dylan McIlrath.
1:53 of 1st period - Stopped by Matt Murray with a rebound.
1:55 of 1st period - Slapshot by Vladimir Tarasenko.
1:55 of 1st period - Deflect By Brayden Schenn.
1:55 of 1st period - Shot Misses the Net.
1:55 of 1st period - Puck is out of play.
1:56 of 1st period - Brayden Schenn wins face-off versus Evgeny Grachev in Stars zone.
2:05 of 1st period - Wrist shot by Vladimir Tarasenko.
2:05 of 1st period - Stopped by Matt Murray without a rebound.
2:06 of 1st period - Brandon Sutter wins face-off versus Sidney Crosby in Stars zone.
2:40 of 1st period - Paul Ladue is hit by Jamie Arniel.
3:03 of 1st period - Snap shot by Evgeny Grachev.
3:03 of 1st period - Stopped by John Gibson without a rebound.
3:04 of 1st period - Sidney Crosby wins face-off versus Brandon Sutter in Islanders zone.
3:51 of 1st period - Brian Ferlin is hit by Scott Kosmachuck and loses puck.
3:58 of 1st period - Snap shot by Adam Tambellini.
3:58 of 1st period - Deflect By Henrik Borgstrom.
3:58 of 1st period - Shot Misses the Net.
3:58 of 1st period - Puck is out of play.
3:59 of 1st period - Brandon Sutter wins face-off versus Sidney Crosby in Islanders zone.
5:10 of 1st period - Snap shot by Cam Atkinson.
5:10 of 1st period - Shot Misses the Net.
5:16 of 1st period - Snap shot by Cam Atkinson.
5:16 of 1st period - Shot Blocked by Brian Ferlin.
6:29 of 1st period - Slapshot by Guillaume Latendresse.
6:29 of 1st period - Stopped by John Gibson without a rebound.
6:30 of 1st period - Brayden Schenn wins face-off versus Sidney Crosby in Islanders zone.
6:57 of 1st period - Yann Sauvé is hit by Ben Chiarot and loses puck.
7:36 of 1st period - Evgeny Grachev is hit by Nikita Zadorov and loses puck.
8:22 of 1st period - Icing by Ryan Ellis.
8:23 of 1st period - Henrik Borgstrom wins face-off versus Brayden Schenn in Islanders zone.
8:28 of 1st period - Wrist shot by Sidney Crosby.
8:28 of 1st period - Shot Misses the Net.
8:30 of 1st period - Slapshot by Christopher Tanev.
8:30 of 1st period - Stopped by John Gibson with a rebound.
8:32 of 1st period - Wrist shot by Michael Grabner.
8:32 of 1st period - Deflect By Sidney Crosby.
8:32 of 1st period - Stopped by John Gibson without a rebound.
8:33 of 1st period - Brandon Sutter wins face-off versus Sidney Crosby in Islanders zone.
8:44 of 1st period - Snap shot by Sidney Crosby.
8:44 of 1st period - Goal by Sidney Crosby - Islanders : 0 - Stars : 1.
8:45 of 1st period - Brayden Schenn wins face-off versus Sidney Crosby in neutral zone.
9:05 of 1st period - Vladimir Tarasenko is hit by Michael Grabner and loses puck.
9:17 of 1st period - Off-side.
9:18 of 1st period - Evgeny Grachev wins face-off versus Brandon Sutter in neutral zone.
9:33 of 1st period - Backhand shot by Alex Chiasson.
9:33 of 1st period - Shot Misses the Net.
9:35 of 1st period - Snap shot by Evgeny Grachev.
9:35 of 1st period - Stopped by John Gibson without a rebound.
9:36 of 1st period - Brayden Schenn wins face-off versus Sidney Crosby in Islanders zone.
9:49 of 1st period - Slapshot by Brayden Schenn.
9:49 of 1st period - Stopped by Matt Murray without a rebound.
9:50 of 1st period - Sidney Crosby wins face-off versus Brayden Schenn in Stars zone.
10:04 of 1st period - Brock McGinn is hit by Sidney Crosby and loses puck.
10:17 of 1st period - Garnet Hathaway is hit by Andrej Sustr.
10:41 of 1st period - Slapshot by Paul Ladue.
10:41 of 1st period - Shot Misses the Net.
10:48 of 1st period - Minor Penalty to Michael Latta for High sticking.
10:49 of 1st period - Sidney Crosby wins face-off versus Brayden Schenn in Islanders zone.
11:59 of 1st period - Brayden Schenn is hit by Alex Chiasson and loses puck.
12:36 of 1st period - Jake Guentzel is hit by Ryan Ellis and loses puck.
12:48 of 1st period - Penalty to Michael Latta is over, Michael Latta is back on ice.
13:16 of 1st period - Christopher Tanev is hit by Jason Akeson and loses puck.
14:06 of 1st period - Dylan McIlrath is hit by Ben Chiarot and loses puck.
14:17 of 1st period - Paul Ladue is hit by Jamie Arniel and loses puck.
14:34 of 1st period - Paul Ladue is hit by Garnet Hathaway and loses puck.
15:09 of 1st period - Snap shot by Evgeny Grachev.
15:09 of 1st period - Shot Blocked by Dylan McIlrath.
15:11 of 1st period - Slapshot by Anton Cederholm.
15:11 of 1st period - Stopped by John Gibson with a rebound.
15:25 of 1st period - Ben Chiarot is hit by Gabriel Carlsson.
15:39 of 1st period - Snap shot by Emerson Etem.
15:39 of 1st period - Stopped by Matt Murray with a rebound.
15:41 of 1st period - Slapshot by Dylan McIlrath.
15:41 of 1st period - Stopped by Matt Murray without a rebound.
15:42 of 1st period - Brayden Schenn wins face-off versus Evgeny Grachev in Stars zone.
16:36 of 1st period - Tobias Rieder is hit by Nikita Zadorov and loses puck.
17:48 of 1st period - Snap shot by Cam Atkinson.
17:48 of 1st period - Shot Misses the Net.
17:50 of 1st period - Snap shot by Evgeny Kuznetsov.
17:50 of 1st period - Goal by Evgeny Kuznetsov - Islanders : 0 - Stars : 2.
17:51 of 1st period - Michael Grabner wins face-off versus Brayden Schenn in neutral zone.
17:56 of 1st period - Wrist shot by Michael Grabner.
17:56 of 1st period - Stopped by John Gibson without a rebound.
17:57 of 1st period - Sidney Crosby wins face-off versus Brayden Schenn in Islanders zone.
18:08 of 1st period - Slapshot by Jake Guentzel.
18:08 of 1st period - Shot Misses the Net.
18:14 of 1st period - Snap shot by Sidney Crosby.
18:14 of 1st period - Stopped by John Gibson without a rebound.
18:15 of 1st period - Alex Chiasson wins face-off versus Brandon Sutter in Islanders zone.
18:20 of 1st period - Wrist shot by Guillaume Latendresse.
18:20 of 1st period - Shot Blocked by Brady Skjei.
18:30 of 1st period - Snap shot by Kellan Lain.
18:30 of 1st period - Stopped by Matt Murray with a rebound.
19:02 of 1st period - Tobias Rieder is hit by Emerson Etem and loses puck.
19:11 of 1st period - Wrist shot by Cam Atkinson.
19:11 of 1st period - Shot Misses the Net.
19:18 of 1st period - Minor Penalty to Cam Atkinson for Close Hand On Puck.
19:19 of 1st period - Brayden Schenn wins face-off versus Sidney Crosby in Stars zone.
19:51 of 1st period - Snap shot by Kellan Lain.
19:51 of 1st period - Shot Blocked by Andrej Sustr.
Goals for this period are 0 for Islanders vs 2 for Stars.
Shots for this period are 8 for Islanders vs 11 for Stars.
2nd period
0:01 of 2nd period - Brayden Schenn wins face-off versus Sidney Crosby in neutral zone.
0:44 of 2nd period - Guillaume Latendresse is hit by Vladimir Tarasenko and loses puck.
1:11 of 2nd period - Backhand shot by Guillaume Latendresse.
1:11 of 2nd period - Stopped by John Gibson with a rebound.
1:18 of 2nd period - Penalty to Cam Atkinson is over, Cam Atkinson is back on ice.
1:54 of 2nd period - Snap shot by Cam Atkinson.
1:54 of 2nd period - Stopped by John Gibson without a rebound.
1:55 of 2nd period - Henrik Borgstrom wins face-off versus Vladimir Tarasenko in Islanders zone.
2:35 of 2nd period - Minor Penalty to Garnet Hathaway for Tripping.
2:36 of 2nd period - Brayden Schenn wins face-off versus Sidney Crosby in Islanders zone.
2:44 of 2nd period - Snap shot by Jake Guentzel.
2:44 of 2nd period - Shot Misses the Net.
2:46 of 2nd period - Wrist shot by Michael Grabner.
2:46 of 2nd period - Shot Misses the Net.
2:48 of 2nd period - Wrist shot by Michael Grabner.
2:48 of 2nd period - Shot Misses the Net.
3:29 of 2nd period - Icing by Jake Guentzel.
3:30 of 2nd period - Sidney Crosby wins face-off versus Brayden Schenn in Stars zone.
4:35 of 2nd period - Penalty to Garnet Hathaway is over, Garnet Hathaway is back on ice.
4:47 of 2nd period - Wrist shot by Ryan Ellis.
4:47 of 2nd period - Stopped by Matt Murray without a rebound.
4:48 of 2nd period - Tobias Rieder wins face-off versus Jamie Arniel in Stars zone.
4:48 of 2nd period - Tobias Rieder is hit by Brian Ferlin.
5:20 of 2nd period - Wrist shot by Brandon Sutter.
5:20 of 2nd period - Shot Misses the Net.
5:24 of 2nd period - Wrist shot by Kellan Lain.
5:24 of 2nd period - Stopped by Matt Murray without a rebound.
5:25 of 2nd period - Brayden Schenn wins face-off versus Evgeny Grachev in Stars zone.
5:26 of 2nd period - Snap shot by Brock McGinn.
5:26 of 2nd period - Deflect By Alex Chiasson.
5:26 of 2nd period - Shot Misses the Net.
5:26 of 2nd period - Puck is out of play.
5:27 of 2nd period - Evgeny Grachev wins face-off versus Brayden Schenn in Stars zone.
5:38 of 2nd period - Snap shot by Alex Chiasson.
5:38 of 2nd period - Stopped by John Gibson without a rebound.
5:39 of 2nd period - Sidney Crosby wins face-off versus Brayden Schenn in Islanders zone.
5:56 of 2nd period - Snap shot by Vladimir Tarasenko.
5:56 of 2nd period - Stopped by Matt Murray with a rebound.
6:06 of 2nd period - Michael Grabner is hit by Emerson Etem and loses puck.
6:17 of 2nd period - Slapshot by Sidney Crosby.
6:17 of 2nd period - Shot Blocked by Brady Skjei.
6:19 of 2nd period - Slapshot by Tyler Wotherspoon.
6:19 of 2nd period - Shot Hit the Post.
6:21 of 2nd period - Slapshot by Ben Chiarot.
6:21 of 2nd period - Shot Blocked by Emerson Etem.
6:27 of 2nd period - Slapshot by Jake Guentzel.
6:27 of 2nd period - Stopped by John Gibson with a rebound.
6:29 of 2nd period - Snap shot by Sidney Crosby.
6:29 of 2nd period - Stopped by John Gibson with a rebound.
6:31 of 2nd period - Slapshot by Sidney Crosby.
6:31 of 2nd period - Shot Blocked by Emerson Etem.
6:33 of 2nd period - Wrist shot by Jake Guentzel.
6:33 of 2nd period - Stopped by John Gibson with a rebound.
6:35 of 2nd period - Snap shot by Jake Guentzel.
6:35 of 2nd period - Stopped by John Gibson without a rebound.
6:36 of 2nd period - Guillaume Latendresse wins face-off versus Brayden Schenn in Islanders zone.
6:37 of 2nd period - Snap shot by Alex Chiasson.
6:37 of 2nd period - Stopped by John Gibson without a rebound.
6:38 of 2nd period - Brayden Schenn wins face-off versus Evgeny Grachev in Islanders zone.
6:42 of 2nd period - Off-side.
6:43 of 2nd period - Brayden Schenn wins face-off versus Evgeny Grachev in neutral zone.
7:04 of 2nd period - Off-side.
7:05 of 2nd period - Brandon Sutter wins face-off versus Jake Guentzel in neutral zone.
7:07 of 2nd period - Ryan Ellis is hit by Tyler Wotherspoon and loses puck.
7:15 of 2nd period - Icing by Jake Guentzel.
7:16 of 2nd period - Brayden Schenn wins face-off versus Sidney Crosby in Stars zone.
7:16 of 2nd period - Brady Skjei is hit by Ben Chiarot and loses puck.
7:19 of 2nd period - Slapshot by Ryan Ellis.
7:19 of 2nd period - Stopped by Matt Murray without a rebound.
7:20 of 2nd period - Brayden Schenn wins face-off versus Sidney Crosby in Stars zone.
7:55 of 2nd period - Slapshot by Ryan Ellis.
7:55 of 2nd period - Shot Misses the Net.
8:13 of 2nd period - Wrist shot by Andrej Sustr.
8:13 of 2nd period - Deflect By Evgeny Kuznetsov.
8:13 of 2nd period - Shot Misses the Net.
8:13 of 2nd period - Puck is out of play.
8:14 of 2nd period - Brandon Sutter wins face-off versus Evgeny Kuznetsov in Islanders zone.
8:14 of 2nd period - Brandon Sutter is hit by Tobias Rieder.
8:20 of 2nd period - Tobias Rieder is hit by Brandon Sutter and loses puck.
8:31 of 2nd period - Snap shot by Brandon Sutter.
8:31 of 2nd period - Shot Hit the Post.
8:36 of 2nd period - Off-side.
8:37 of 2nd period - Sidney Crosby wins face-off versus Brayden Schenn in neutral zone.
8:42 of 2nd period - Snap shot by Sidney Crosby.
8:42 of 2nd period - Stopped by John Gibson without a rebound.
8:43 of 2nd period - Sidney Crosby wins face-off versus Brayden Schenn in Islanders zone.
10:19 of 2nd period - Henrik Borgstrom is hit by Gabriel Carlsson and loses puck.
10:28 of 2nd period - Slapshot by Scott Kosmachuck.
10:28 of 2nd period - Stopped by John Gibson without a rebound.
10:29 of 2nd period - Sidney Crosby wins face-off versus Brayden Schenn in Islanders zone.
11:29 of 2nd period - Gabriel Carlsson is hit by Evgeny Kuznetsov and loses puck.
11:40 of 2nd period - Brayden Schenn is hit by Scott Kosmachuck and loses puck.
12:02 of 2nd period - Sergei Plotnikov is hit by Jake Guentzel.
12:25 of 2nd period - Snap shot by Ryan Ellis.
12:25 of 2nd period - Shot Misses the Net.
12:37 of 2nd period - Anton Cederholm is hit by Brady Skjei and loses puck.
13:06 of 2nd period - Ben Chiarot is hit by Brayden Schenn and loses puck.
13:40 of 2nd period - Icing by Sergei Plotnikov.
13:41 of 2nd period - Brandon Sutter wins face-off versus Evgeny Grachev in Islanders zone.
14:09 of 2nd period - Snap shot by Brandon Sutter.
14:09 of 2nd period - Stopped by Matt Murray with a rebound.
14:11 of 2nd period - Slapshot by Brayden Schenn.
14:11 of 2nd period - Shot Misses the Net.
14:13 of 2nd period - Slapshot by Brady Skjei.
14:13 of 2nd period - Shot Blocked by Tyler Wotherspoon.
14:15 of 2nd period - Wrist shot by Brock McGinn.
14:15 of 2nd period - Goal by Brock McGinn - Islanders : 1 - Stars : 2.
14:16 of 2nd period - Brayden Schenn wins face-off versus Sidney Crosby in neutral zone.
14:33 of 2nd period - Slapshot by Brayden Schenn.
14:33 of 2nd period - Stopped by Matt Murray with a rebound.
14:43 of 2nd period - Sidney Crosby is hit by Jason Akeson and loses puck.
15:07 of 2nd period - Minor Penalty to Ryan Ellis for Holding Stick.
15:08 of 2nd period - Evgeny Grachev wins face-off versus Brayden Schenn in Islanders zone.
15:11 of 2nd period - Wrist shot by Evgeny Grachev.
15:11 of 2nd period - Stopped by John Gibson with a rebound.
15:13 of 2nd period - Slapshot by Andrej Sustr.
15:13 of 2nd period - Stopped by John Gibson with a rebound.
15:15 of 2nd period - Wrist shot by Alex Chiasson.
15:15 of 2nd period - Shot Misses the Net.
15:17 of 2nd period - Backhand shot by Andrej Sustr.
15:17 of 2nd period - Goal by Andrej Sustr - Islanders : 1 - Stars : 3.
15:18 of 2nd period - Sidney Crosby wins face-off versus Brayden Schenn in neutral zone.
15:21 of 2nd period - Wrist shot by Michael Grabner.
15:21 of 2nd period - Shot Misses the Net.
15:45 of 2nd period - Evgeny Grachev is hit by Garnet Hathaway and loses puck.
16:11 of 2nd period - Slapshot by Brady Skjei.
16:11 of 2nd period - Stopped by Matt Murray without a rebound.
16:12 of 2nd period - Brayden Schenn wins face-off versus Sidney Crosby in Stars zone.
16:15 of 2nd period - Snap shot by Vladimir Tarasenko.
16:15 of 2nd period - Shot Blocked by Michael Grabner.
16:17 of 2nd period - Minor Penalty to Michael Grabner for Boarding.
16:18 of 2nd period - Sidney Crosby wins face-off versus Brayden Schenn in Stars zone.
18:17 of 2nd period - Penalty to Michael Grabner is over, Michael Grabner is back on ice.
18:28 of 2nd period - Evgeny Kuznetsov is hit by Michael Latta and loses puck.
18:49 of 2nd period - Dylan McIlrath is hit by Tobias Rieder and loses puck.
19:04 of 2nd period - Wrist shot by Cam Atkinson.
19:04 of 2nd period - Shot Misses the Net.
19:06 of 2nd period - Wrist shot by Evgeny Kuznetsov.
19:06 of 2nd period - Shot Blocked by Dylan McIlrath.
19:08 of 2nd period - Slapshot by Paul Ladue.
19:08 of 2nd period - Stopped by John Gibson with a rebound.
19:10 of 2nd period - Snap shot by Tyler Wotherspoon.
19:10 of 2nd period - Shot Misses the Net.
19:12 of 2nd period - Wrist shot by Cam Atkinson.
19:12 of 2nd period - Shot Misses the Net.
19:26 of 2nd period - Snap shot by Cam Atkinson.
19:26 of 2nd period - Shot Misses the Net.
19:28 of 2nd period - Slapshot by Paul Ladue.
19:28 of 2nd period - Stopped by John Gibson with a rebound.
19:30 of 2nd period - Snap shot by Cam Atkinson.
19:30 of 2nd period - Stopped by John Gibson with a rebound.
19:32 of 2nd period - Slapshot by Christopher Tanev.
19:32 of 2nd period - Stopped by John Gibson without a rebound.
19:33 of 2nd period - Brayden Schenn wins face-off versus Sidney Crosby in Islanders zone.
19:48 of 2nd period - Brayden Schenn is hit by Andrej Sustr and loses puck.
Goals for this period are 1 for Islanders vs 1 for Stars.
Shots for this period are 8 for Islanders vs 17 for Stars.
3rd period
0:01 of 3rd period - Brayden Schenn wins face-off versus Sidney Crosby in neutral zone.
0:10 of 3rd period - Snap shot by Sidney Crosby.
0:10 of 3rd period - Shot Misses the Net.
0:16 of 3rd period - Wrist shot by Sidney Crosby.
0:16 of 3rd period - Stopped by John Gibson without a rebound.
0:17 of 3rd period - Alex Chiasson wins face-off versus Brandon Sutter in Islanders zone.
1:11 of 3rd period - Snap shot by Jamie Arniel.
1:11 of 3rd period - Deflect By Sergei Plotnikov.
1:11 of 3rd period - Stopped by Matt Murray without a rebound.
1:12 of 3rd period - Evgeny Kuznetsov wins face-off versus Jamie Arniel in Stars zone.
1:59 of 3rd period - Jamie Arniel is hit by Cam Atkinson and loses puck.
2:52 of 3rd period - Snap shot by Brian Ferlin.
2:52 of 3rd period - Stopped by Matt Murray with a rebound.
2:54 of 3rd period - Snap shot by Sergei Plotnikov.
2:54 of 3rd period - Deflect By Brian Ferlin.
2:54 of 3rd period - Deflect By Cam Atkinson.
2:54 of 3rd period - Shot Misses the Net.
2:54 of 3rd period - Puck is out of play.
2:55 of 3rd period - Sidney Crosby wins face-off versus Brayden Schenn in Stars zone.
2:55 of 3rd period - Sidney Crosby is hit by Brayden Schenn.
3:09 of 3rd period - Slapshot by Tyler Wotherspoon.
3:09 of 3rd period - Shot Misses the Net.
3:25 of 3rd period - Wrist shot by Scott Kosmachuck.
3:25 of 3rd period - Shot Misses the Net.
3:27 of 3rd period - Slapshot by Ben Chiarot.
3:27 of 3rd period - Deflect By Brandon Sutter.
3:27 of 3rd period - Stopped by John Gibson without a rebound.
3:28 of 3rd period - Brandon Sutter wins face-off versus Henrik Borgstrom in Islanders zone.
3:43 of 3rd period - Slapshot by Brandon Sutter.
3:43 of 3rd period - Deflect By Garnet Hathaway.
3:43 of 3rd period - Stopped by Matt Murray without a rebound.
3:44 of 3rd period - Brayden Schenn wins face-off versus Sidney Crosby in Stars zone.
3:55 of 3rd period - Snap shot by Vladimir Tarasenko.
3:55 of 3rd period - Stopped by Matt Murray with a rebound.
3:57 of 3rd period - Wrist shot by Brayden Schenn.
3:57 of 3rd period - Stopped by Matt Murray without a rebound.
3:58 of 3rd period - Sidney Crosby wins face-off versus Brayden Schenn in Stars zone.
4:17 of 3rd period - Brock McGinn is hit by Sidney Crosby and loses puck.
4:55 of 3rd period - Snap shot by Scott Kosmachuck.
4:55 of 3rd period - Stopped by John Gibson without a rebound.
4:56 of 3rd period - Michael Latta wins face-off versus Sidney Crosby in Islanders zone.
5:23 of 3rd period - Tyler Wotherspoon is hit by Garnet Hathaway and loses puck.
6:15 of 3rd period - Slapshot by Paul Ladue.
6:15 of 3rd period - Shot Blocked by Ryan Ellis.
6:58 of 3rd period - Wrist shot by Guillaume Latendresse.
6:58 of 3rd period - Shot Misses the Net.
7:00 of 3rd period - Snap shot by Andrej Sustr.
7:00 of 3rd period - Stopped by John Gibson with a rebound.
7:16 of 3rd period - Slapshot by Vladimir Tarasenko.
7:16 of 3rd period - Shot Misses the Net.
7:34 of 3rd period - Wrist shot by Cam Atkinson.
7:34 of 3rd period - Stopped by John Gibson without a rebound.
7:35 of 3rd period - Evgeny Kuznetsov wins face-off versus Michael Latta in Islanders zone.
7:40 of 3rd period - Wrist shot by Evgeny Kuznetsov.
7:40 of 3rd period - Shot Misses the Net.
8:03 of 3rd period - Snap shot by Michael Latta.
8:03 of 3rd period - Shot Blocked by Evgeny Kuznetsov.
8:05 of 3rd period - Snap shot by Michael Latta.
8:05 of 3rd period - Stopped by Matt Murray with a rebound.
8:07 of 3rd period - Slapshot by Nikita Zadorov.
8:07 of 3rd period - Shot Misses the Net.
8:11 of 3rd period - Slapshot by Jason Akeson.
8:11 of 3rd period - Stopped by Matt Murray with a rebound.
8:41 of 3rd period - Slapshot by Michael Latta.
8:41 of 3rd period - Stopped by Matt Murray without a rebound.
8:42 of 3rd period - Sidney Crosby wins face-off versus Brayden Schenn in Stars zone.
8:42 of 3rd period - Sidney Crosby is hit by Brayden Schenn.
9:35 of 3rd period - Dylan McIlrath is hit by Evgeny Grachev and loses puck.
9:54 of 3rd period - Minor Penalty to Garnet Hathaway for Hooking.
9:55 of 3rd period - Evgeny Grachev wins face-off versus Brayden Schenn in Islanders zone.
10:47 of 3rd period - Icing by Tyler Wotherspoon.
10:48 of 3rd period - Evgeny Grachev wins face-off versus Brayden Schenn in Stars zone.
11:54 of 3rd period - Penalty to Garnet Hathaway is over, Garnet Hathaway is back on ice.
12:05 of 3rd period - Off-side.
12:06 of 3rd period - Jamie Arniel wins face-off versus Scott Kosmachuck in neutral zone.
12:23 of 3rd period - Christopher Tanev is hit by Sergei Plotnikov.
12:35 of 3rd period - Alex Chiasson is hit by Kellan Lain and loses puck.
13:56 of 3rd period - Brian Ferlin is hit by Alex Chiasson and loses puck.
14:41 of 3rd period - Yann Sauvé is hit by Cam Atkinson and loses puck.
15:27 of 3rd period - Snap shot by Brady Skjei.
15:27 of 3rd period - Shot Blocked by Henrik Borgstrom.
15:33 of 3rd period - Slapshot by Brady Skjei.
15:33 of 3rd period - Stopped by Matt Murray without a rebound.
15:34 of 3rd period - Sidney Crosby wins face-off versus Brayden Schenn in Stars zone.
16:01 of 3rd period - Kellan Lain is hit by Evgeny Grachev.
16:45 of 3rd period - Christopher Tanev is hit by Dylan McIlrath and loses puck.
17:36 of 3rd period - Minor Penalty to Brian Ferlin for Holding.
17:37 of 3rd period - Sidney Crosby wins face-off versus Brayden Schenn in Islanders zone.
17:38 of 3rd period - Wrist shot by Michael Grabner.
17:38 of 3rd period - Stopped by John Gibson without a rebound.
17:39 of 3rd period - Sidney Crosby wins face-off versus Brayden Schenn in Islanders zone.
18:07 of 3rd period - Icing by Alex Chiasson.
18:08 of 3rd period - Evgeny Grachev wins face-off versus Brayden Schenn in Stars zone.
18:13 of 3rd period - Slapshot by Andrej Sustr.
18:13 of 3rd period - Deflect By Nikita Zadorov.
18:13 of 3rd period - Stopped by John Gibson with a rebound.
19:03 of 3rd period - Slapshot by Evgeny Grachev.
19:03 of 3rd period - Shot Blocked by Ryan Ellis.
19:36 of 3rd period - Penalty to Brian Ferlin is over, Brian Ferlin is back on ice.
Goals for this period are 0 for Islanders vs 0 for Stars.
Shots for this period are 9 for Islanders vs 7 for Stars.